AoeStats
← Comend x comend

Nomad

510373943Analyzed
4v4 RM · 12h ago on Sep 30, 2026· 39m 37s· 8 players
Game mode
Random Map
Map size
231×231
Population
200
Speed
Normal
Resources
Standard
Victory
Conquest
Starting age
Dark Age
Ending age
Imperial Age
RankedLock teamsTeams togetherTeam positionsShared explorationLock speedFull tech treeHidden civsTurbo modeCheats
Victory
Defeat
🇵🇪 Lithuanians · Peru
1413
+15
🇪🇸 Mongols · Spain
1383
+16
🇬🇧 Bohemians · United Kingdom
1382
+16
🇩🇪 Spanish · Germany
1379
+18
🇭🇰 Wei · Hong Kong SAR China
1414
-17
🇨🇳 Persians · China
1407
-17
1380
-16
🇹🇼 Berbers · Taiwan
1368
-15
Blade_PEC
10:09 Loom
12:33 Feudal Age
16:24 Castle Age
18:17 Double-Bit Axe
20:20 Town Watch
21:13 Padded Archer Armor
23:59 Husbandry
25:19 Horse Collar
27:09 Leather Archer Armor
27:33 Bloodlines
31:22 Fletching
33:48 Wheelbarrow
34:16 Gold Mining
36:11 Hand Cart
37:28 Bodkin Arrow
38:14 Ballistics
41:06 Imperial Age
wagwan_son
5:03 Loom
13:19 Feudal Age
17:40 Fletching
20:53 Double-Bit Axe
25:38 Castle Age
27:01 Bodkin Arrow
26:56 Fishing Lines
36:10 Bow Saw
37:47 Horse Collar
38:31 Heavy Plow
39:32 Wheelbarrow
enfeig
5:00 Loom
14:22 Feudal Age
15:39 Double-Bit Axe
16:00 Gold Mining
18:12 Castle Age
16:11 Fishing Lines
20:02 Bow Saw
20:30 Fletching
22:19 Town Watch
24:18 Bodkin Arrow
26:59 Stone Mining
27:41 Ballistics
31:09 Horse Collar
32:30 Husbandry
33:48 Heavy Plow
34:24 Wheelbarrow
33:51 Padded Archer Armor
34:30 Bloodlines
35:27 Hand Cart
36:59 Leather Archer Armor
36:51 Thumb Ring
41:32 Imperial Age
Comend x comend
6:59 Loom
12:47 Feudal Age
13:18 Double-Bit Axe
19:20 Castle Age
19:53 Bloodlines
22:39 Bow Saw
23:01 Horse Collar
23:34 Scale Mail Armor
24:32 Husbandry
24:36 Gold Mining
24:38 Fishing Lines
27:31 Stone Mining
31:05 Scale Barding Armor
33:40 Wheelbarrow
33:34 Town Watch
36:34 Chain Barding Armor
BøM_從小不缺鮑魚
4:46 Loom
13:08 Feudal Age
13:34 Double-Bit Axe
13:44 Gold Mining
18:41 Castle Age
17:10 Stone Mining
17:59 Fletching
17:56 Horse Collar
18:27 Fishing Lines
19:56 Bodkin Arrow
20:14 Bow Saw
29:05 Imperial Age
27:39 Medium Warships
28:09 Gold Shaft Mining
29:19 Wheelbarrow
28:49 Padded Archer Armor
30:58 Chemistry
31:17 Conscription
31:20 Ballistics
31:17 Leather Archer Armor
31:04 Heavy Plow
37:07 Ring Archer Armor
36:41 Bracer
36:34 Elite Genitour
Manbobo
5:18 Loom
13:15 Feudal Age
17:21 Castle Age
16:08 Gold Mining
16:06 Double-Bit Axe
17:16 Fletching
17:12 Crossbowman
19:20 Padded Archer Armor
19:30 Elite Skirmisher
22:00 Bodkin Arrow
24:18 Scale Barding Armor
24:28 Forging
24:25 Scale Barding Armor
28:29 Elite Skirmisher
35:47 Horse Collar
havnt played for half year
4:37 Loom
5:16 Loom
13:09 Feudal Age
17:31 Castle Age
20:44 Town Watch
22:18 Double-Bit Axe
23:00 Fletching
The Crusades Crusader
3:43 Loom
14:04 Feudal Age
18:15 Castle Age
16:30 Double-Bit Axe
16:38 Stone Mining
17:16 Gold Mining
18:01 Horse Collar
19:23 Bow Saw
19:12 Town Watch
21:15 Gold Shaft Mining
27:46 Scale Barding Armor
28:17 Husbandry
29:35 Bloodlines
30:38 Chain Barding Armor
36:52 Forging
37:39 Ballistics
40:03 Iron Casting
Connection lost

Rejoining the realm…

Still unreachable

The connection could not be restored.

Session expired

The server has moved on; the page needs a fresh start.